 Dungeon Crawl Stone Soup version 0.31-a0-277-g31ea1f65cc (webtiles) character file.

Game seed: 14032601997766356290

877 Jeffwins the Shield-Bearer (level 8, -1/52 HPs)
             Began as an Octopode Wanderer on July 15, 2023.
             Slain by a quasit (2 damage)
             ... on level 4 of the Dungeon.
             The game lasted 00:08:25 (5031 turns).

Jeffwins the Shield-Bearer (Octopode Wanderer)      Turns: 5031, Time: 00:08:26

Health: -1/52      AC:  1    Str: 18    XL:     8   Next: 4%
Magic:  5/13       EV:  2    Int: 16    God:
Gold:   53         SH:  0    Dex: -5 (11) Spells: 13/14 levels left

rFire   . . .        y - +2 flail (protect)
rCold   + . .        b - +0 buckler
rNeg    . . .        (helmet restricted)
rPois   .            (no amulet)
rElec   .            R - ring of resist corrosion
rCorr   +            S - +6 ring of strength
SInv    .            C - ring of protection from cold
Will    .....        (no ring) Stlth
                     (no ring)
HPRegen 0.28/turn    (no ring)
MPRegen 0.13/turn    (no ring)
                     (no ring)

%: no passive effects
@: brilliant, slowed, lost dexterity, very slow
A: almost no armour, amphibious, 8 rings, camouflage 1, gelatinous body 1,
(nimble swimmer 1), tentacles
a: no special abilities


You were on level 4 of the Dungeon.
You visited 1 branch of the dungeon, and saw 4 of its levels.
You also visited: Sewer.

You collected 236 gold pieces.
You spent 183 gold pieces at shops.


Innate Abilities, Weirdness & Mutations

You cannot wear most types of armour.
You are amphibious.
You can wear up to eight rings at the same time.
Your skin changes colour to match your surroundings (Stealth+).
Your rubbery body absorbs attacks. (AC +1, EV +1)
((You are camouflaged when in or above water. (Stealth+)))
You have tentacles for arms and can constrict up to eight enemies at once.


   Skills:
 + Level 3.2 Fighting
 + Level 1.3 Throwing
 + Level 2.4 Dodging
 + Level 3.6 Stealth
 + Level 4.8 Shields
 * Level 3.5 Spellcasting
 * Level 4.7 Conjurations
 * Level 3.6 Fire Magic


You had 13 spell levels left.
You knew the following spells:

 Your Spells              Type           Power      Damage    Failure   Level
z - Foxfire               Conj/Fire      96%        2x1d8     3%          1

Your spell library contained the following spells:

 Spells                   Type           Power      Damage    Failure   Level
 Kiss of Death            Conj/Necr      60%        2d10      9%          1
 Ensorcelled Hibernation  Hex/Ice        8%         N/A       32%         2
 Portal Projectile        Hex/Tloc       8%         N/A       54%         3
 Tukima's Dance           Hex            4%         N/A       54%         3
 Fulminant Prism          Conj/Hex       7%         3d7       63%         4
 Iskenderun's Mystic Bla  Conj/Tloc      15%        2d5       63%         4
 Anguish                  Hex/Necr       2%         N/A       91%         4

Inventory:

Hand Weapons
 h - a +0 dagger of speed
 k - a +0 glaive
 x - a +1 short sword of speed
 y - a +2 flail of protection (weapon)
Missiles
 l - 6 silver boomerangs
 u - 13 poisoned darts
 v - 2 curare-tipped darts {=f}
Armour
 b - a +0 buckler (worn)
Magical Staves
 t - a staff of air
Jewellery
 C - a ring of protection from cold (on tentacle)
 R - a ring of resist corrosion (left tentacle)
 S - a +6 ring of strength (right tentacle)
Wands
 D - a wand of polymorph (9)
Scrolls
 a - 3 scrolls of enchant weapon
 c - 2 scrolls of vulnerability {!r}
 d - a scroll of amnesia
 e - a scroll of blinking
 g - a scroll of immolation {!r}
 n - 4 scrolls of teleportation {@r4}
 o - 6 scrolls of noise {!r}
 r - a scroll of fog
 A - a scroll of enchant armour
 E - 2 scrolls of poison {!r}
Potions
 f - 2 potions of resistance {unknown}
 i - 4 potions of curing {unknown}
 j - 3 potions of enlightenment
 m - 3 potions of degeneration {unknown}
 p - a potion of lignification {unknown}
 q - 2 potions of brilliance
 s - 2 potions of mutation {unknown}
 w - 2 potions of invisibility {unknown}
 z - a potion of haste {unknown}
 B - a potion of attraction {unknown}

Dungeon Overview and Level Annotations

Branches:
Dungeon (4/15)              Sewer (visited)
 Temple: D:4-7

Altars:
Fedhas

Shops:
D:3 (:?=? D:4

=* #... #......>#
~~≈≈≈~. #...###.######
##### .≈~~... #....)†.#
##..... .......
....#....# ## .....#
####### ##.....<... ..
.....## # #..#g..g####.
..∩.... # #.
##.#.####.##.....#
.####### #
#........§§§....#
........ ###.......@...#
# ###.##. #####..#5##.#
#..###.#.# ..........[##
#.>.....##
......#..5......####.#.#
####.####..#########.##.
#.####..# #.....###
#....5..# #.##### #
######.## #.# #.# #.#


You could see a quasit and a shadow imp.


Message History

Casting: Foxfire (safe; 4% risk of failure)
Confirm with . or Enter, or press ? or * to list all spells.
You feel a surge of power!
You conjure some foxfire!
The foxfire hits the shadow imp.
The shadow imp is heavily wounded.
The foxfire hits the shadow imp.
The shadow imp is severely wounded.
The foxfire hits the shadow imp.
You kill the shadow imp!
Casting: Foxfire (safe; 3% risk of failure)
Confirm with . or Enter, or press ? or * to list all spells.
You feel a surge of power!
You conjure some foxfire!
The foxfire hits the quasit.
The quasit resists.
The quasit is heavily wounded.
The quasit bites you.
* * * LOW HITPOINT WARNING * * *
The quasit claws you.
* * * LOW HITPOINT WARNING * * *
The quasit barely misses you.
You barely miss the quasit. Your grab misses the quasit.
The quasit is heavily wounded.
The foxfire hits the quasit.
The quasit completely resists.
The quasit is heavily wounded.
The foxfire hits the quasit.
The quasit resists.
The quasit is severely wounded.
The quasit bites you.
* * * LOW HITPOINT WARNING * * *
You feel clumsy. The quasit claws you.
You die...

Skill      XL: |  1  2  3  4  5  6  7 |
---------------+----------------------+-----
Fire Magic     | 1 2 3 |  3.6
Stealth        | 1 2 3 |  3.6
Dodging        | 1 2 |  2.4
Spellcasting   | 2 3 |  3.5
Conjurations   | 4 |  4.7
Fighting       | 3 |  3.2
Throwing       | 1 |  1.3
Shields        | |  4.8

Action                     |  1- 3 |  4- 6 |  7- 9 || total
---------------------------+-------+-------+-------++-------
  Melee: Club              |     7 |       |       ||     7
         Constrict         |    16 |     5 |     8 ||    29
         Dagger            |    64 |    21 |    12 ||    97
         Tentacles         |    12 |     7 |    10 ||    29
         Flail             |       |       |    21 ||    21
   Cast: Foxfire           |    35 |    86 |   117 ||   238
    Use: Scroll            |     5 |     1 |     6 ||    12
         Potion            |       |     1 |     1 ||     2
   Stab: Sleeping          |     6 |     1 |     3 ||    10
 Armour: Skin              |     4 |     3 |    12 ||    19
  Dodge: Dodged            |    27 |     9 |    41 ||    77
  Block: Buckler           |     6 |     2 |    15 ||    23

Levels and vault maps discovered:
D:1:      lemuel_arrival_broad_hall, layout_rooms
D:2:      layout_basic
D:3:      layout_basic, serial_shops, nicolae_shop_rolling_square, shop, shop,
          nicolae_shop_rolling_square, nicolae_shop_pleasant_corner_grove,
          cheibrodos_sewer_entry_bend, hellmonk_ecumenical_altar_leap_of_faith
D:4:      layout_loops_ring, fedhas_ov_isle_minmay, serial_demonic,
          serial_demonic_a, serial_demonic_d, serial_demonic_c,
          serial_demonic_b, serial_demonic_f, serial_demonic_b, serial_shops,
          nicolae_shop_hallway_stairs, minmay_shop_damaged

Notes
Turn   | Place    | Note
-------+----------+-------------------------------------------
     0 | D:1      | Jeffwins the Octopode Wanderer began the quest for the Orb.
     0 | D:1      | Jeffwins set off with the following items: a +0 club, a +0
                  | buckler, 2 scrolls of vulnerability {!r}; and the following
                  | spells available to memorise: Foxfire, Kiss of Death,
                  | Fulminant Prism.
     0 | D:1      | Reached XP level 1. HP: 14/14 MP: 2/2
     2 | D:1      | Learned a level 1 spell: Foxfire
   126 | D:1      | Reached XP level 2. HP: 19/19 MP: 0/3
   394 | D:1      | Reached skill level 1 in Fire Magic
   520 | D:1      | Reached skill level 1 in Stealth
   520 | D:1      | Reached XP level 3. HP: 22/24 MP: 3/5
  1786 | D:3      | Found Kozugi's Magic Scroll Shop.
  1797 | D:3      | Bought a scroll of identify for 28 gold pieces
  1797 | D:3      | Bought a scroll of identify for 28 gold pieces
  1797 | D:3      | Bought a scroll of identify for 28 gold pieces
  1875 | D:3      | Found Jeher's Book Emporium.
  1913 | D:3      | Reached XP level 4. HP: 29/29 MP: 6/6
  1931 | D:3      | Found Sigij's Antique Weapon Boutique.
  2143 | D:3      | Reached skill level 1 in Dodging
  2202 | D:3      | Found Tuamina's Jewellery Shop.
  2234 | D:3      | Found Ucsachon's Magic Scroll Boutique.
  2350 | D:3      | Reached skill level 2 in Spellcasting
  2372 | D:3      | Found a glowing drain.
  2387 | Sewer    | Entered a sewer
  2470 | Sewer    | Reached XP level 5. HP: 35/35 MP: 5/8
  2612 | Sewer    | Noticed a kobold brigand
  2616 | Sewer    | Reached skill level 2 in Fire Magic
  2619 | Sewer    | Killed a kobold brigand
  2620 | Sewer    | Reached skill level 2 in Stealth
  2819 | Sewer    | Noticed a kobold brigand
  2826 | Sewer    | Killed a kobold brigand
  2827 | Sewer    | Reached XP level 6. HP: 41/41 MP: 1/9
  3052 | Sewer    | Reached skill level 4 in Conjurations
  3179 | Sewer    | Reached XP level 7. HP: 45/45 MP: 0/11
  3292 | Sewer    | Reached skill level 2 in Dodging
  3292 | Sewer    | Reached skill level 3 in Stealth
  3292 | Sewer    | Reached skill level 3 in Fire Magic
  3630 | D:3      | Bought a scroll of identify for 22 gold pieces
  3630 | D:3      | Bought a scroll of noise for 11 gold pieces
  3630 | D:3      | Bought a scroll of identify for 22 gold pieces
  3630 | D:3      | Bought a scroll of poison for 44 gold pieces
  3687 | D:3      | Found a faded altar of an unknown god.
  3925 | D:4      | Reached skill level 3 in Spellcasting
  4174 | D:4      | Reached skill level 3 in Fighting
  4405 | D:4      | Reached skill level 1 in Throwing
  4501 | D:4      | Found Giajyav's Jewellery Shop.
  4743 | D:4      | Reached XP level 8. HP: 50/52 MP: 13/13
  4868 | D:4      | Found Cokickure's Lightly-Used Armoury.
  4963 | D:4      | Found a blossoming altar of Fedhas.
  5022 | D:4      | Lost dexterity.
  5026 | D:4      | HP: 2/52 [shadow imp/nerve-wracking pain (6)]
  5031 | D:4      | HP: 1/52 [quasit (1)]
  5031 | D:4      | Slain by a quasit

Vanquished Creatures
  A phantom (D:4)
  5 kobold brigands (Sewer)
  2 scorpions (D:4)
  An orc priest (D:4)
  A gnoll bouda (D:4)
  6 gnolls
  7 adders
  A river rat (Sewer)
  A shadow imp (D:4)
  3 white imps (D:4)
  An ufetubus (D:4)
  3 worms
  6 orcs (D:4)
  9 ball pythons
  6 endoplasms
  5 giant cockroaches
  5 goblins
  14 hobgoblins
  5 jackals
  3 quokkas (D:1)
  8 bats
  2 frilled lizards (D:1)
  8 kobolds
  7 rats
110 creatures vanquished.

Vanquished Creatures (collateral kills)
  17 foxfires (Sewer)
17 creatures vanquished.

Vanquished Creatures (others)
  385 foxfires
385 creatures vanquished.

Grand Total: 512 creatures vanquished

Table legend: (Time is in decaauts)
 A = Elapsed time spent in this place.
 B = Non-inter-level travel time spent in this place.
 C = Inter-level travel time spent in this place.
 D = Time resting spent in this place.
 E = Time spent auto-exploring this place.
 F = Levels seen in this place.
 G = Mean time per level.
                   A        B        C        D        E       F      G
               +--------+--------+--------+--------+--------+-----+--------+
         Total |   5014 |   4850 |    164 |    151 |   3792 |   5 | 1002.8 |
       Dungeon |   3847 |   3683 |    164 |    151 |   2830 |   4 |  961.8 |
         Sewer |   1167 |   1167 |      0 |      0 |    962 |   1 | 1167.0 |
               +--------+--------+--------+--------+--------+-----+--------+

Top non-repeatable levels by time:
   Sewer: 1167 daAuts
     D:3: 1092 daAuts
     D:4: 1061 daAuts
     D:2: 974 daAuts
     D:1: 719 daAuts

Table legend:
 A = Non-vault XP
 B = Vault XP
 C = Vault XP percentage of total XP
 D = Non-vault monster count
 E = Vault monster count
 F = Vault count percentage of total count
                 A         B        C        D         E       F
            +---------+---------+-------+---------+---------+-------
      Total |     635 |     618 |  49.3 |      84 |      26 |  23.6
            +---------+---------+-------+---------+---------+-------
        D:1 |      40 |       0 |   0.0 |      25 |       0 |   0.0
        D:2 |      38 |       0 |   0.0 |      15 |       0 |   0.0
        D:3 |      91 |       5 |   5.2 |      16 |       1 |   5.9
        D:4 |     466 |      50 |   9.7 |      28 |       5 |  15.2
      Sewer |       0 |     563 | 100.0 |       0 |      20 | 100.0
            +---------+---------+-------+---------+---------+-------
